 Dungeon Crawl Stone Soup version 0.15.2 (webtiles) character file.

8029 4tharraofdagon the Cleaver (level 11, -5/94 HPs)
             Began as a Minotaur Death Knight on Feb 11, 2015.
             Was a Priest of Yredelemnul.
             Slain by a hill giant
             ... wielding a +0 giant spiked club
              (16 damage)
             ... on Level 11 of the Dungeon.
             The game lasted 00:33:15 (5837 turns).

4tharraofdagon the Cleaver (Minotaur Death Knight)  Turns: 5837, Time: 00:33:15

HP  -5/94        AC 21     Str 18      XL: 11   Next:  4%
MP  23/32        EV  5     Int 16      God: Yredelemnul [***...]
Gold 114         SH  2     Dex 10      Spells:  0 memorised, 10 levels left

rFire  + . .     SeeInvis .     d - +0 war axe (chop)
rCold  + . .     Clarity  +     R - +0 plate armour {rF+}
rNeg   . . .     rCorr    .     (no shield)
rPois  .         rRot     .     L - +3 hat of Pondering {ponderous, MR+ MP+10 Int+5}
rElec  .         Spirit   .     b - +0 cloak
SustAb .         Warding  .     (no gloves)
rMut   .         Stasis   .     Q - +0 pair of boots
Gourm  .                        r - amulet of clarity
MR     +....                    (no ring)
                                Y - ring of protection from cold

@: slow, somewhat resistant to hostile enchantments, extremely unstealthy
A: retaliatory headbutt, horns 2, large bone plates 1, high mp 1
a: Animate Dead, Recall Undead Slaves, Injury Mirror, Renounce Religion


You were on level 11 of the Dungeon.
You worshipped Yredelemnul.
Yredelemnul was most pleased with you.
You were not hungry.

You visited 1 branch of the dungeon, and saw 11 of its levels.
You also visited: Ossuary.

You collected 524 gold pieces.
You spent 410 gold pieces at shops.

Inventory:

Hand weapons
 a - a +1 mace
 d - a +0 war axe of chopping (weapon)
 j - a +1 battleaxe
 p - a cursed +3 flail of draining
 P - a +0 battleaxe
Missiles
 x - 3 curare-tipped needles
Armour
 b - a +0 cloak (worn)
 L - the +3 hat of Pondering (worn) {ponderous, MR+ MP+10 Int+5}
   (You bought it in a shop on level 8 of the Dungeon)

   It affects your intelligence (+5).
   It affects your resistance to hostile enchantments.
   It affects your magic capacity (+10).
 Q - a +0 pair of boots (worn)
 R - a +0 plate armour of fire resistance (worn)
Magical devices
 i - a wand of enslavement (11)
 B - a wand of slowing (2)
 K - a wand of polymorph (5)
Comestibles
 c - 6 bread rations
 l - 5 meat rations
 q - 4 beef jerkies
 I - 3 fruits
 M - 4 slices of pizza
Scrolls
 k - 2 scrolls of teleportation
 w - 3 scrolls of remove curse
 A - a scroll of acquirement {unknown}
 C - a scroll of noise
 D - a scroll of random uselessness {unknown}
 E - a scroll of enchant weapon {unknown}
 F - 2 scrolls of fog {unknown}
 N - a scroll of immolation {unknown}
 O - a scroll of fear
 S - a scroll of blinking {unknown}
 T - a scroll of magic mapping
 U - a scroll of amnesia {unknown}
Jewellery
 r - an amulet of clarity (around neck)
 t - an uncursed amulet of resist corrosion
 v - a cursed ring of teleportation
 y - a cursed amulet of warding
 Y - a ring of protection from cold (left hand)
Potions
 e - a potion of cure mutation
 f - a potion of resistance
 g - 2 potions of agility
 h - 2 potions of lignification {unknown}
 m - 2 potions of magic {unknown}
 n - 2 potions of heal wounds
 o - 6 potions of curing
 s - 2 potions of haste {unknown}
 u - a potion of flight
 z - a potion of brilliance
 G - a potion of confusion
 H - 2 potions of cancellation
 J - 2 potions of degeneration {unknown}


   Skills:
 + Level 7.9 Fighting
 * Level 10.5(10.6) Axes
 - Level 2.8(7.3) Maces & Flails
 + Level 7.8 Armour
 + Level 6.9 Dodging
 * Level 9.4 Invocations
 - Level 3.0 Evocations


You had 10 spell levels left.
You didn't know any spells.

Dungeon Overview and Level Annotations

Branches:
Dungeon (11/15)            Temple (0/1) D:4             Orc (0/4) D:10
   Lair (0/8) D:9

Altars:
Dithmenos
Elyvilon
Xom
Yredelemnul

Shops:
D:8 *([:[   D:9 =   D:10 [


Innate Abilities, Weirdness & Mutations

You reflexively headbutt those who attack you in melee.
You have a pair of horns on your head.
You are partially covered in large bone plates (AC +2, SH +2).
You have an increased reservoir of magic (+10% MP).


Message History

You furiously retaliate!
You headbutt the human.
You kill the human!
Yredelemnul accepts your kill.
You continue eating.
The hill giant hits you with a giant spiked club!!
* * * LOW HITPOINT WARNING * * *
You continue eating.
The merfolk hits you from afar with a trident!
* * * LOW HITPOINT WARNING * * *
Unknown command.
You block the hill giant's attack.
A crimson imp comes into view.
The crimson imp shouts!
The crimson imp blinks!
A necrophage comes into view.
The crimson imp blinks!
There is a stone staircase leading down here.
The hill giant hits you with a giant spiked club!
You die...
Your body rises from the dead as a mindless zombie.

#################################
.................................
.......##...#..##.........# #....
.###...##...#..##.........# #....
.# #...##...#.......####..###....
.# #.>..m.......................(
.###..##########....##########...
......# #.##.# #.#. %.....#
#@##.# #.#. .#....##########C...#
#.#. ...............5....# #.#.
....<......n...m....# #...
.......##..#........# #...
.####......>........# #... .#
#...........#...# #..#
......####..........# ##...
......# ############ #....


You could see a hill giant, a merfolk and a crimson imp.

Vanquished Creatures
  A hill giant (D:10)
  Maurice (D:10)
  A troll (D:11)
  Grinder (D:3)
  The ghost of Thrillho the Spear-Bearer, an average MfBe of Trog (D:4)
  5 yaks (D:9)
  A hungry ghost (D:10)
  Eustachio (D:10)
  A human (D:11)
  Menkaure (Ossuary)
  An ice beast (D:7)
  A sky beast (D:9)
  A porcupine (D:9)
  2 centaurs
  2 ogres
  2 crocodiles (D:9)
  18 big kobolds (D:9)
  An elf zombie (Ossuary)
  A gnoll sergeant (D:11)
  3 scorpions
  5 crimson imps
  2 centaur zombies (Ossuary)
  A goliath beetle (D:10)
  A jelly (D:6)
  A giant frog skeleton (D:5)
  3 worker ants
  4 orc wizards
  A big kobold zombie (Ossuary)
  3 ogre zombies (Ossuary)
  An ogre skeleton (D:8)
  6 mummies (Ossuary)
  Terence (D:3)
  5 adders
  3 gnolls (D:11)
  4 green rats (D:9)
  An inept feature mimic (D:6)
  2 adder zombies (Ossuary)
  3 giant geckos
  19 orcs
  10 bats
  A giant cockroach (D:4)
  A gnoll zombie (Ossuary)
  9 goblins
  13 hobgoblins
  2 jackals (D:11)
  4 quokkas
  A giant gecko zombie (D:5)
  3 giant newts
  2 goblin zombies (Ossuary)
  4 hobgoblin zombies (Ossuary)
  24 kobolds
  A kobold skeleton (D:5)
  5 kobold zombies (Ossuary)
  An orc zombie (Ossuary)
  3 quokka zombies (Ossuary)
  20 rats
  5 rat zombies (Ossuary)
  A ballistomycete (D:9)
222 creatures vanquished.

Vanquished Creatures (collateral kills)
  A hill giant (D:10)
  A manticore (D:10)
  A gargoyle (D:10)
  2 yaks (D:9)
  A wraith (D:11)
  A hippogriff (D:10)
  3 orc warriors
  2 vampire mosquitoes (D:11)
  3 porcupines (D:9)
  A sky beast (D:8)
  2 ogres
  A crocodile (D:9)
  A cyclops zombie (D:8)
  3 wights (D:8)
  A crimson imp (D:10)
  A soldier ant zombie (D:10)
  A jelly (D:11)
  2 orc priests (D:8)
  A hound (D:10)
  3 orc wizards
  Ijyb (D:4)
  A worker ant zombie (D:9)
  2 gnolls (D:11)
  A green rat (D:9)
  A worm (D:4)
  An adder skeleton (D:8)
  A giant gecko (D:8)
  4 orcs
  A bat (D:8)
  2 hobgoblins
  2 jackals (D:11)
  A quokka (D:8)
  A kobold (D:8)
51 creatures vanquished.

Vanquished Creatures (others)
  3 flying skulls
  A wraith (D:9)
  A wight (D:9)
  A yak zombie (D:9)
  A porcupine zombie (D:9)
  An ogre zombie (D:11)
  A crocodile zombie (D:9)
  A green rat zombie (D:9)
  2 giant spores
12 creatures vanquished.

Grand Total: 285 creatures vanquished

Notes
Turn   | Place    | Note
--------------------------------------------------------------
     0 | D:1      | 4tharraofdagon, the Minotaur Death Knight, began the quest for the Orb.
     0 | D:1      | Reached XP level 1. HP: 18/18 MP: 1/1
   168 | D:1      | Reached XP level 2. HP: 25/25 MP: 1/1
   704 | D:2      | Found a shimmering altar of Xom.
   815 | D:3      | Acquired Yredelemnul's second power
   815 | D:3      | Reached skill level 3 in Invocations
   829 | D:3      | Noticed Terence
   830 | D:3      | Noticed Grinder
   830 | D:3      | Paralysed by Grinder for 2 turns
   864 | D:2      | Reached XP level 3. HP: 30/30 MP: 4/4
  1012 | D:4      | Reached skill level 1 in Axes
  1047 | D:4      | Got a steaming robe
  1058 | D:4      | Identified the cursed +0 robe "Qafanaf" {+Blink rElec Slay-1} (You found it on level 4 of the Dungeon)
  1134 | D:4      | Noticed Thrillho's ghost (average MfBe)
  1262 | D:3      | Killed Terence
  1262 | D:3      | Reached XP level 4. HP: 38/38 MP: 5/5
  1268 | D:3      | Killed Grinder
  1268 | D:3      | Reached skill level 4 in Invocations
  1268 | D:3      | Reached XP level 5. HP: 46/46 MP: 6/6
  1268 | D:3      | Reached XP level 6. HP: 52/52 MP: 7/7
  1385 | D:4      | Noticed an ogre
  1387 | D:4      | Noticed Ijyb
  1403 | D:4      | Killed Ijyb
  1408 | D:4      | Killed an ogre
  1480 | D:4      | Killed Thrillho's ghost
  1480 | D:4      | Reached XP level 7. HP: 55/59 MP: 9/9
  1534 | D:4      | Found a staircase to the Ecumenical Temple.
  1635 | D:5      | Entered Level 5 of the Dungeon
  2051 | D:5      | Reached skill level 5 in Invocations
  2135 | D:6      | Acquired Yredelemnul's third power
  2248 | D:6      | Reached skill level 5 in Axes
  2258 | D:6      | Found a shadowy altar of Dithmenos.
  2343 | D:6      | Found a sand-covered staircase.
  2351 | Ossuary  | Entered an ossuary
  2514 | Ossuary  | Reached skill level 5 in Fighting
  2514 | Ossuary  | Reached XP level 8. HP: 27/68 MP: 10/10
  2793 | Ossuary  | Noticed Menkaure
  2805 | Ossuary  | Gained mutation: You are partially covered in large bone plates (AC +2, SH +2). [potion of beneficial mutation]
  2819 | Ossuary  | Killed Menkaure
  2905 | D:6      | Reached skill level 6 in Invocations
  3117 | D:7      | Found a basalt altar of Yredelemnul.
  3297 | D:7      | Found a white marble altar of Elyvilon.
  3400 | D:7      | Received a gift from Yredelemnul
  3411 | D:7      | Reached skill level 5 in Armour
  3630 | D:8      | Found Eraxu's Antique Weapon Emporium.
  3633 | D:8      | Found Kumofoo's Armour Emporium.
  3741 | D:8      | Bought the +3 hat of Pondering {ponderous, MR+ MP+10 Int+5} for 222 gold pieces
  3751 | D:8      | Found Klyr's Book Emporium.
  3758 | D:8      | Reached skill level 7 in Axes
  3758 | D:8      | Reached XP level 9. HP: 57/75 MP: 14/15
  3839 | D:8      | Found Yhadicid's Assorted Antiques.
  3990 | D:8      | Found Kluofawk's Armour Boutique.
  4072 | D:9      | Received a gift from Yredelemnul
  4107 | D:9      | Reached skill level 5 in Dodging
  4156 | D:9      | Reached skill level 8 in Axes
  4173 | D:9      | Acquired Yredelemnul's fourth power
  4181 | D:9      | Received a gift from Yredelemnul
  4345 | D:9      | Found Ginastro's Jewellery Emporium.
  4420 | D:9      | Bought a cursed ring of teleportation for 188 gold pieces
  4477 | D:9      | Reached skill level 1 in Evocations
  4483 | D:9      | Reached XP level 10. HP: 57/84 MP: 18/18
  4484 | D:9      | Reached skill level 9 in Axes
  4485 | D:9      | Received a gift from Yredelemnul
  4581 | D:9      | Found a staircase to the Lair.
  4717 | D:9      | Received a gift from Yredelemnul
  4983 | D:10     | Entered Level 10 of the Dungeon
  5087 | D:10     | Found Geriadghogro's Armour Shoppe.
  5115 | D:10     | Gained mutation: You have an increased reservoir of magic (+10% MP). [potion of beneficial mutation]
  5153 | D:10     | Noticed a hill giant
  5161 | D:10     | Killed a hill giant
  5191 | D:10     | Noticed Eustachio
  5197 | D:10     | Killed Eustachio
  5228 | D:10     | Noticed Maurice
  5238 | D:10     | Killed Maurice
  5270 | D:10     | Reached skill level 10 in Axes
  5728 | D:10     | Noticed a manticore
  5739 | D:10     | Killed a manticore
  5756 | D:10     | Noticed a hill giant
  5756 | D:10     | Found a staircase to the Orcish Mines.
  5764 | D:10     | Killed a hill giant
  5764 | D:10     | Reached XP level 11. HP: 35/94 MP: 22/22
  5789 | D:11     | Noticed a hill giant
  5792 | D:11     | Noticed a cyclops
  5837 | D:11     | Slain by a hill giant

Action                   |  1- 3 |  4- 6 |  7- 9 | 10-12 || total
-------------------------+-------+-------+-------+-------++-------
Melee: Mace              |    23 |       |       |       ||    23
       War axe           |    57 |    22 |   479 |   184 ||   742
Invok: Animate Remains   |       |     1 |       |       ||     1
       Recall Undead Sla |       |       |     4 |       ||     4
       Animate Dead      |       |       |     1 |     4 ||     5
       Drain Life        |       |       |       |     3 ||     3
Evoke: Wand              |     1 |     1 |     2 |     2 ||     6
  Use: Scroll            |     7 |       |     8 |     2 ||    17
       Potion            |     1 |       |     6 |     2 ||     9
 Stab: Distracted        |       |       |       |     2 ||     2
  Eat: Chunk             |     1 |     2 |    10 |     5 ||    18
       Beef jerky        |       |       |     1 |       ||     1
       Pizza             |       |       |       |     1 ||     1
